 Dungeon Crawl Stone Soup version 0.30-a0-694-g3340775977 (webtiles) character file.

Game seed: 3818369211829248205

1864 Dartaoz the Destroyer (level 8, -10/67 HPs)
             Began as a Green Draconian Conjurer on Jan 20, 2023.
             Was an Initiate of Sif Muna.
             Mangled by a gnoll sergeant
             ... wielding a +3 spear of venom
              (14 damage)
             ... on level 6 of the Dungeon.
             The game lasted 00:20:17 (8026 turns).

Dartaoz the Destroyer (Green Draconian Conjurer)    Turns: 8026, Time: 00:20:18

Health: -10/67     AC:  8    Str: 11    XL:     8   Next: 90%
Magic:  10/23      EV: 12    Int: 20    God:    Sif Muna [......]
Gold:   251        SH:  0    Dex:  9    Spells: 12/15 levels left

rFire   . . .      SeeInvis .    j - +4 dagger (drain)
rCold   . . .      Faith    .    (no shield)
rNeg    . . .      Spirit   .    (body armour unavailable)
rPois   +          Reflect  .    (helmet restricted)
rElec   .          Harm     .    (no cloak)
rCorr   .          Rampage  .    z - +0 pair of gloves
Will    .....                    E - +0 pair of boots
Stlth   ++                       (no amulet)
HPRegen 0.31/turn                m - ring of wizardry
MPRegen 0.18/turn                G - ring of magical power

@: lethally poisoned (-10 -> -15)
A: breathe noxious fumes, AC +6, unfitting armour, poison resistance,
cold-blooded
a: Breathe Noxious Fumes, Renounce Religion


You were on level 6 of the Dungeon.
You worshipped Sif Muna.
Sif Muna was noncommittal.
You visited 2 branches of the dungeon, and saw 7 of its levels.
You also visited: Ossuary.

You collected 316 gold pieces.
You spent 65 gold pieces at shops.

Inventory:

Hand Weapons
 d - a +0 dagger
 j - a +4 dagger of draining (weapon)
Armour
 z - a +0 pair of gloves (worn)
 E - a +0 pair of boots (worn)
Jewellery
 m - a ring of wizardry (left hand)
 x - a +6 ring of strength
 y - a ring of wizardry
 G - a ring of magical power (right hand)
 H - a ring of wizardry
Wands
 l - a wand of light (12)
 o - a wand of polymorph (10)
 C - a wand of roots (9)
Scrolls
 c - a scroll of torment {unknown}
 e - 4 scrolls of teleportation
 f - a scroll of amnesia {unknown}
 g - a scroll of enchant armour {unknown}
 t - a scroll of magic mapping {unknown}
 u - a scroll of butterflies {unknown}
 w - a scroll of immolation {unknown}
 B - a scroll of poison {unknown}
 D - a scroll of vulnerability {unknown}
 F - 2 scrolls of blinking {unknown}
Potions
 a - 2 potions of magic
 b - 7 potions of curing
 i - 4 potions of mutation
 k - a potion of invisibility
 n - 2 potions of brilliance
 p - 2 potions of berserk rage
 q - a potion of haste
 r - 4 potions of attraction
 s - 2 potions of flight
 v - 2 potions of resistance {unknown}
 A - a potion of might {unknown}


   Skills:
 + Level 4.4 Fighting
 + Level 4.2 Dodging
 + Level 4.6 Stealth
 + Level 4.3 Spellcasting
 + Level 8.2 Conjurations
 + Level 2.6 Invocations


You had 12 spell levels left.
You knew the following spells:

 Your Spells              Type           Power      Damage    Failure   Level
a - Magic Dart            Conj           100%       1d8       1%          1
b - Searing Ray           Conj           74%        2d7       1%          2

Your spell library contained the following spells:

 Spells                   Type           Power      Damage    Failure   Level
 Momentum Strike          Conj/Tloc      40%        3d9       1%          2
 Dazzling Flash           Conj/Hex       40%        N/A       2%          3
 Mephitic Cloud           Conj/Pois/Air  15%        N/A       4%          3
 Blink                    Tloc           8%         N/A       8%          2
 Cigotuvi's Dreadful Rot  Necr/Pois/Air  8%         N/A       8%          2
 Lesser Beckoning         Tloc           8%         N/A       8%          2
 Poisonous Vapours        Pois/Air       8%         N/A       8%          2
 Fulminant Prism          Conj/Hex       10%        3d9       9%          4
 Iskenderun's Mystic Bla  Conj/Tloc      20%        2d6       9%          4


Dungeon Overview and Level Annotations

Branches:
Dungeon (6/15)             Temple (1/1) D:6         Ossuary (visited)

Altars:
Cheibriados
Dithmenos
Elyvilon
Fedhas
Gozag
Hepliaklqana
Kikubaaqudgha
Makhleb
Nemelex Xobeh
Okawaru
Qazlal
Ru
Sif Muna
Trog
Uskayaw
Vehumet
Wu Jian
Xom
Yredelemnul
Zin
The Shining One

Shops:
D:2 (   D:6 ?

Annotations:
D:6 1 runed translucent door, deyja's ghost, novice GrFi


Innate Abilities, Weirdness & Mutations

You can breathe blasts of noxious fumes.
Your lurid green scales are hard. (AC +6)
You cannot fit into any form of body armour.
Your system is resistant to poisons. (rPois)
You are cold-blooded and may be slowed by cold attacks.


Message History

Casting: Magic Dart (safe; 1% risk of failure)
Confirm with . or Enter, or press ? or * to list all spells.
Aiming: Magic Dart (safe; 1% risk of failure)
Press: ? - help, Shift-Dir - straight line, f/p - gnoll sergeant
Aim: a gnoll sergeant, wielding a +3 spear of venom and wearing a +0 scale mail (almost dead, 100% to hit)
The magic dart hits the gnoll sergeant but does no damage.
The gnoll sergeant is almost dead.
You feel very sick.
The gnoll sergeant hits you from afar with a +3 spear of venom!
* * * LOW HITPOINT WARNING * * *
Casting: Magic Dart (safe; 1% risk of failure)
Confirm with . or Enter, or press ? or * to list all spells.
Aiming: Magic Dart (safe; 1% risk of failure)
Press: ? - help, Shift-Dir - straight line, f/p - gnoll sergeant
Aim: a gnoll sergeant, wielding a +3 spear of venom and wearing a +0 scale mail (almost dead, 100% to hit)
The magic dart hits the gnoll sergeant.
The gnoll sergeant is almost dead.
You feel sick. The gnoll sergeant barely misses you.
Casting: Magic Dart (safe; 1% risk of failure)
Confirm with . or Enter, or press ? or * to list all spells.
Aiming: Magic Dart (safe; 1% risk of failure)
Press: ? - help, Shift-Dir - straight line, f/p - gnoll sergeant
Aim: a gnoll sergeant, wielding a +3 spear of venom and wearing a +0 scale mail (almost dead, 100% to hit)
The magic dart hits the gnoll sergeant but does no damage.
The gnoll sergeant is almost dead.
* * * LOW HITPOINT WARNING * * *
You feel very sick.
The gnoll sergeant hits you from afar with a +3 spear of venom.
* * * LOW HITPOINT WARNING * * *
Casting: Magic Dart (safe; 1% risk of failure)
Confirm with . or Enter, or press ? or * to list all spells.
Aiming: Magic Dart (safe; 1% risk of failure)
Press: ? - help, Shift-Dir - straight line, f/p - gnoll sergeant
Aim: a gnoll sergeant, wielding a +3 spear of venom and wearing a +0 scale mail (almost dead, 100% to hit)
The magic dart hits the gnoll sergeant but does no damage.
The gnoll sergeant is almost dead.
* * * LOW HITPOINT WARNING * * *
You feel sick.
The gnoll sergeant hits you from afar with a +3 spear of venom!
You die...

#......). ######.## .
.g.. #### ### #.## . ...?
#.. ..# #... . .g..!. #.#
#.# #.#. .
........####.#####.# #...
. .......cg...g....##.#
###.
.##........#####.##.##.##
#. .c....... #@.......##
#. .<.....# #####.#...##
#. #.#.##.#
#........######. #.# ..
.##.#....<........ #.#
#.# ..................
#.# # .####.............
#.. . #......######. ###
#.#...## #. #.##.## #.


You could see a gnoll sergeant.

Vanquished Creatures
  Prince Ribbit (D:6)
  Grinder (D:6)
  Menkaure (D:6)
  3 ogres
  2 bullfrogs (D:6)
  2 scorpions
  3 centaur zombies (Ossuary)
  A human zombie (Ossuary)
  5 hounds (D:5)
  A gnoll bouda (D:4)
  4 iguanas
  3 mummies (Ossuary)
  Robin (D:2)
  22 gnolls
  6 adders
  A white imp (D:6)
  An ufetubus (D:6)
  2 worms
  4 dart slugs
  2 orcs
  7 ball pythons
  9 endoplasms
  2 giant cockroaches (D:1)
  12 goblins
  13 hobgoblins
  3 jackals (D:5)
  4 kobolds
  4 quokkas
  5 bats
  2 frilled lizards
  A goblin zombie (Ossuary)
  2 hobgoblin zombies (Ossuary)
  A kobold zombie (Ossuary)
  8 rats
139 creatures vanquished.

Vanquished Creatures (others)
  5 plants (D:1)
5 creatures vanquished.

Grand Total: 144 creatures vanquished

Notes
Turn   | Place    | Note
-------+----------+-------------------------------------------
     0 | D:1      | Dartaoz the Draconian Conjurer began the quest for the Orb.
     0 | D:1      | Reached XP level 1. HP: 14/14 MP: 3/3
   192 | D:1      | Reached XP level 2. HP: 20/20 MP: 1/5
   195 | D:1      | Learned a level 2 spell: Searing Ray
   330 | D:1      | Found a faded altar of an unknown god.
   587 | D:1      | Reached skill level 5 in Conjurations
   610 | D:1      | Reached XP level 3. HP: 26/26 MP: 0/6
  1739 | D:2      | Found Tyuxkikiuxt's Weapon Emporium.
  1879 | D:2      | Reached XP level 4. HP: 25/33 MP: 0/7
  2064 | D:2      | Reached skill level 6 in Conjurations
  2207 | D:2      | Reached XP level 5. HP: 38/38 MP: 4/8
  2354 | D:2      | Noticed Robin
  2388 | D:2      | Killed Robin
  3359 | D:3      | Reached skill level 7 in Conjurations
  3784 | D:4      | Found a glowing golden altar of the Shining One.
  3786 | D:4      | Found a blossoming altar of Fedhas.
  3912 | D:4      | Found a sand-covered staircase.
  3920 | Ossuary  | Entered an ossuary
  4072 | Ossuary  | Reached XP level 6. HP: 40/46 MP: 1/9
  4171 | Ossuary  | Reached skill level 1 in Fighting
  5061 | D:4      | Your scales start taking on a lurid green colour.
  5061 | D:4      | Reached XP level 7. HP: 53/55 MP: 3/11
  5061 | D:4      | Gained mutation: Your system is resistant to poisons.
                  | (rPois) [Green Draconian growth]
  5745 | D:5      | Entered Level 5 of the Dungeon
  5896 | D:5      | Found an iron altar of Okawaru.
  5923 | D:5      | Identified the +5 pair of gloves "Dawidecu" {rCorr Str+2
                  | Int+3}
  6827 | D:5      | Reached XP level 8. HP: 63/63 MP: 13/13
  6988 | D:6      | Found a staircase to the Ecumenical Temple.
  6996 | Temple   | Entered the Ecumenical Temple
  7170 | Temple   | Became a worshipper of Sif Muna the Loreminder
  7314 | D:6      | Found a runed translucent door.
  7316 | D:6      | Noticed deyja's ghost (novice GrFi)
  7470 | D:6      | Noticed Menkaure
  7479 | D:6      | Killed Menkaure
  7480 | D:6      | Reached skill level 1 in Invocations
  7499 | D:6      | Reached skill level 8 in Conjurations
  7606 | D:6      | Noticed Prince Ribbit
  7612 | D:6      | Killed Prince Ribbit
  7775 | D:6      | Found Amuecso's Magic Scroll Shop.
  7775 | D:6      | Noticed Grinder
  7798 | D:6      | Killed Grinder
  7882 | D:6      | Bought a scroll of identify for 26 gold pieces
  7882 | D:6      | Bought a scroll of teleportation for 39 gold pieces
  8026 | D:6      | Mangled by a gnoll sergeant

Illustrated notes

Levels and vault maps discovered:
D:1:      dpeg_arrival_refuge, layout_basic,
          chequers_ecumenical_altar_simple_redux, serial_forest,
          infiniplex_forest_end_1, infiniplex_forest_clump_tiny,
          infiniplex_forest_clump_small, infiniplex_forest_corner_1,
          infiniplex_forest_clump_diagonal, infiniplex_forest_clump_small,
          nicolae_grassy_gnolls
D:2:      layout_basic, serial_shops, nicolae_shop_stone, uniq_robin
D:3:      layout_loops_ring
D:4:      layout_basic, mainiacjoe_overflow_catwalk_spiral,
          nicolae_ossuary_entry_monument
D:5:      layout_basic, okawaru_ov_weapons_minmay
D:6:      layout_loops_cross, minmay_temple_entry_statues_fountains,
          ebering_ghost_sewer_f, serial_shops, nicolae_diamond_shop,
          uniq_menkaure, uniq_prince_ribbit1, uniq_grinder
Temple:   regret_index_temple_mists

Skill      XL: |  1  2  3  4  5  6  7  8 |
---------------+-------------------------+-----
Conjurations   | 5 6 7 8 |  8.2
Dodging        | 2 3 4 |  4.2
Stealth        | 2 3 4 |  4.6
Fighting       | 2 3 4 |  4.4
Spellcasting   | 3 4 |  4.3
Invocations    | 2 |  2.6

Action                   |  1- 3 |  4- 6 |  7- 9 || total
-------------------------+-------+-------+-------++-------
Melee: Unarmed           |     9 |       |       ||     9
       Tailslap          |     6 |    10 |     1 ||    17
       Dagger            |    45 |    75 |     8 ||   128
       Punch             |     1 |       |       ||     1
 Cast: Magic Dart        |    85 |   173 |   160 ||   418
       Searing Ray       |       |     3 |     6 ||     9
 Abil: Breathe Noxious F |       |       |     6 ||     6
  Use: Potion            |       |     3 |       ||     3
       Scroll            |       |       |     7 ||     7
Armor: Skin              |     9 |    43 |    15 ||    67
Dodge: Dodged            |    33 |    97 |    28 ||   158

Table legend: (Time is in decaauts)
 A = Elapsed time spent in this place.
 B = Non-inter-level travel time spent in this place.
 C = Inter-level travel time spent in this place.
 D = Time resting spent in this place.
 E = Time spent auto-exploring this place.
 F = Levels seen in this place.
 G = Mean time per level.
                   A        B        C        D        E       F      G
               +--------+--------+--------+--------+--------+-----+--------+
         Total |   8082 |   7886 |    196 |     65 |   6751 |   8 | 1010.2 |
       Dungeon |   7145 |   6988 |    157 |     65 |   6009 |   6 | 1190.8 |
        Temple |    250 |    211 |     39 |      0 |    187 |   1 |  250.0 |
       Ossuary |    686 |    686 |      0 |      0 |    555 |   1 |  686.0 |
               +--------+--------+--------+--------+--------+-----+--------+

Top non-repeatable levels by time:
     D:1: 1491 daAuts
     D:2: 1361 daAuts
     D:4: 1278 daAuts
     D:5: 1233 daAuts
     D:3: 923 daAuts
     D:6: 856 daAuts
 Ossuary: 686 daAuts
  Temple: 250 daAuts
